 Dungeon Crawl Stone Soup version 0.30.0-5-g1a98f26d00 (webtiles) character file.

Game seed: 14167186492997561668

14006 Pooter the Cleaver (level 11, -3/90 HPs)
             Began as a Minotaur Fighter on May 8, 2023.
             Was a Priest of Hepliaklqana.
             Succumbed to Amaemon's poison
             ... on level 10 of the Dungeon on May 9, 2023.
             The game lasted 01:04:17 (13046 turns).

Pooter the Cleaver (Minotaur Fighter)              Turns: 13046, Time: 01:04:18

Health: -3/90      AC: 16    Str: 32    XL:     11   Next: 83%
Magic:  13/13      EV:  7    Int:  5    God:    Hepliaklqana [***...]
Gold:   316        SH:  0    Dex: 15    Spells: 10/10 levels left

rFire   . . .        a - +7 battleaxe
rCold   . . .        (shield currently unavailable)
rNeg    . . .        T - +0 plate armour
rPois   .            (helmet restricted)
rElec   .            B - +2 cloak
rCorr   .            (no gloves)
SInv    .            u - +1 pair of boots
Will    .....        M - amulet of faith {!P} Stlth
                     C - +6 ring of dexterity
HPRegen 0.35/turn    k - +6 ring of strength
MPRegen 0.13/turn

%: faith
@: lethally poisoned (-3 -> -24), slowed, very slow
A: reduced essence, horns 2, retaliatory headbutt
a: Renounce Religion, Recall Ancestor, Ancestor Identity, Transference


You were on level 10 of the Dungeon.
You worshipped Hepliaklqana.
Hepliaklqana was most pleased with you.
You visited 3 branches of the dungeon, and saw 12 of its levels.
You also visited: Bailey.

You collected 657 gold pieces.
You spent 341 gold pieces at shops.

Inventory:

Hand Weapons
 a - a +7 battleaxe (weapon)
   (You took it off an orc warlord in a bailey)
 b - a +0 arbalest of draining
   (You acquired it in a bailey)
 i - a +0 broad axe
   (You took it off an orc warrior on level 9 of the Dungeon)
 E - a +0 halberd
   (You took it off a gnoll on level 7 of the Dungeon)
 F - a +0 trident
   (You took it off an orc on level 7 of the Dungeon)
Missiles
 r - 6 boomerangs of dispersal {!f}
 w - 14 poisoned darts
 z - 8 boomerangs (quivered)
 G - 7 silver boomerangs
 X - 3 curare-tipped darts
Armour
 c - a +2 kite shield
   (You took it off a gnoll sergeant on level 6 of the Dungeon)
 u - a +1 pair of boots (worn)
   (You found it on level 2 of the Dungeon)
 B - a +2 cloak (worn)
   (You found it on level 3 of the Dungeon)
 T - a +0 plate armour (worn)
   (You took it off an orc warrior on level 9 of the Dungeon)
Jewellery
 k - a +6 ring of strength (right hand)
   (You found it on level 1 of the Dungeon)
 m - a +6 ring of intelligence
   (You found it on level 1 of the Dungeon)
 C - a +6 ring of dexterity (left hand)
   (You found it on level 6 of the Dungeon)
 M - an amulet of faith (around neck) {!P}
   (You found it on level 8 of the Dungeon)
 N - a ring of positive energy
   (You found it on level 4 of the Dungeon)
 P - an amulet of magic regeneration
   (You found it on level 8 of the Dungeon)
 S - a ring of see invisible
   (You found it on level 5 of the Dungeon)
 V - a +4 ring of protection
   (You found it on level 9 of the Dungeon)
Wands
 f - a wand of flame (8)
   (You found it on level 9 of the Dungeon)
 s - a wand of polymorph (4)
   (You found it on level 2 of the Dungeon)
 v - a wand of roots (11)
   (You found it on level 2 of the Dungeon)
 x - a wand of acid (4)
   (You found it on level 10 of the Dungeon)
 D - a wand of digging (7)
   (You found it on level 8 of the Dungeon)
 I - a wand of charming (2)
   (You found it on level 5 of the Dungeon)
Scrolls
 d - 2 scrolls of amnesia
 h - 3 scrolls of noise {!r}
 o - 5 scrolls of blinking
 q - a scroll of magic mapping
 t - 7 scrolls of teleportation {@r4}
 y - 2 scrolls of fear
 K - 2 scrolls of vulnerability {!r}
 Y - a scroll of fog {unknown}
Potions
 e - 5 potions of brilliance
 g - 4 potions of heal wounds {@q2}
 j - a potion of resistance
 l - 3 potions of magic
 n - 4 potions of haste {@q3}
 p - 3 potions of attraction {!q}
 A - a potion of cancellation {unknown}
 H - 2 potions of ambrosia
 J - 3 potions of might
 L - 7 potions of curing {@q1}
 O - 2 potions of lignification {!q}
 Q - a potion of berserk rage {unknown}
 R - a potion of degeneration {unknown}
 U - 3 potions of flight
 W - a potion of mutation {!q}
Miscellaneous
 Z - a phantom mirror
   (You found it in a bailey)


   Skills:
 + Level 10.6 Fighting
 * Level 14.1 Axes
 * Level 12.8 Ranged Weapons
 - Level 3.6 Armour
 - Level 3.6 Shields
 + Level 4.6 Invocations


You had 10 spell levels left.
You didn't know any spells.
Your spell library contained the following spells:

 Spells                   Type           Power      Damage    Failure   Level
 Necrotise                Necr           0%         1d4       99%         1
 Sandblast                Erth           0%         2d4       99%         1
 Summon Small Mammal      Summ           0%         N/A       99%         1
 Cigotuvi's Dreadful Rot  Necr/Pois/Air  0%         N/A       100%        2
 Lesser Beckoning         Tloc           0%         N/A       100%        2
 Passwall                 Tmut/Erth      0%         N/A       100%        2
 Call Canine Familiar     Summ           0%         N/A       100%        3
 Gell's Gravitas          Tloc           0%         N/A       100%        3
 Ignite Poison            Fire/Tmut/Pois 0%         N/A       100%        3
 Stone Arrow              Conj/Erth      0%         3d7       100%        3
 Summon Guardian Golem    Hex/Summ       0%         N/A       100%        3
 Teleport Other           Tloc           0%         N/A       100%        3
 Vampiric Draining        Necr           0%         2d6       100%        3
 Dispel Undead            Necr           0%         3d6       100%        4
 Agony                    Necr           0%         N/A       100%        5
 Freezing Cloud           Conj/Ice/Air   0%         6-21      100%        5
 Death Channel            Necr           0%         N/A       100%        6


Dungeon Overview and Level Annotations

Branches:
Dungeon (10/15)            Temple (1/1) D:6            Lair (1/5) D:10
 Bailey (visited)
    Orc: D:9-12

Altars:
Cheibriados
Dithmenos
Elyvilon
Fedhas
Hepliaklqana
Makhleb
Nemelex Xobeh
Qazlal
Sif Muna
Trog
Uskayaw
Vehumet
Wu Jian
Xom
Yredelemnul
The Shining One

Shops:
D:9 !

Annotations:
Lair:1 Amaemon, Grum


Innate Abilities, Weirdness & Mutations

Your life essence is reduced to manifest your ancestor. (-10% HP)
You have a pair of horns on your head.
You reflexively headbutt those who attack you in melee.


Message History

Thoko casts a spell at the orange demon.
The stone arrow hits the orange demon!
The scorpion barely misses you. You furiously retaliate!
You headbutt the scorpion! Grum hits you with a +1 spear!
* * * LOW HITPOINT WARNING * * *
Amaemon zaps a wand.
You easily resist.
The orange demon stings Thoko.
The orange demon closely misses Thoko.
Amaemon attacks as you move away!
Amaemon hits you with a +1 demon whip of venom!
* * * LOW HITPOINT WARNING * * *
You are poisoned.
Amaemon claws you!
* * * LOW HITPOINT WARNING * * *
Amaemon tail-slaps you but does no damage.
You feel very sick.
Thoko hits the orange demon with a +0 quarterstaff!
Grum hits you from afar with a +1 spear.
* * * LOW HITPOINT WARNING * * *
Amaemon zaps a wand.
You easily resist.
The orange demon stings Thoko!
The orange demon hits Thoko.
The scorpion stings you but does no damage.
Thoko points at the orange demon and mumbles some strange words.
The puff of frost hits the orange demon.
There is a staircase back to the Dungeon, spattered with blood here.
You feel very sick.
The orange demon no longer looks unusually toxic.
Grum zaps a wand.
The roots erupt in riotous growth!
The grasping roots grab you!
The scorpion is unaffected.
The grasping roots constrict you.
The orange demon stings Thoko.
The orange demon barely misses Thoko.
The scorpion stings you but does no damage.
Thoko casts a spell at the orange demon.
The puff of frost hits the orange demon!
The orange demon dies!
Grum hits you but does no damage. The grasping roots constrict you.
Amaemon hits you with a +1 demon whip of venom.
* * * LOW HITPOINT WARNING * * *
You are lethally poisoned!
Amaemon claws you but does no damage.
Amaemon tail-slaps you but does no damage.
The scorpion stings you but does no damage.
The scorpion stings you.
* * * LOW HITPOINT WARNING * * *
You hear a croak.
The roots lose their grip on you.
You climb upwards.
Welcome back to the Dungeon!
You die...

..###.######...........####.....#
.## ##.#...............###...#...
## #........P..P......#........ #
##...P..P..PP..P..P...#..#.#.
##......P...P...P.P..P....#...
##..........P..PP...P......##..
###..#....P....P......P..P...##..
#....#...P.P...P.†...PPP.....#...
.#....P......PP.@.P........<...##
####...P.P.PP...P..P..PP...#..##
# ###P...P..P..P...PP........# ##
##.P.....P.P..P......###.## .###
#..P..P....P.P.....P##...##
...####..P...P..P........##......
###..........).......P##...##...#
# #.........<........####.####..#
###.............###..####.# #..#


There were no monsters in sight!

Vanquished Creatures
  An orc warlord (Bailey)
  A two-headed ogre (D:10)
  An orc knight (Bailey)
  A komodo dragon (D:10)
  Sigmund (D:2)
  A wraith (D:10)
  A vampire (D:10)
  3 wyverns
  6 yaks
  6 steam dragons
  9 vampire mosquitoes
  A naga (D:8)
  An acid dragon (D:10)
  A water moccasin (D:10)
  2 sky beasts (D:7)
  4 orc warriors
  2 ice beasts
  A hornet zombie (D:6)
  2 black bears (D:10)
  3 ogres
  2 wolves (D:10)
  5 phantoms
  4 centaurs
  A wyvern zombie (D:6)
  4 bullfrogs
  A gnoll sergeant (D:6)
  5 scorpions
  2 water moccasin zombies (D:6)
  3 wights (D:8)
  A wyvern skeleton (D:6)
  5 killer bees (D:5)
  7 howler monkeys
  2 bullfrog zombies (D:6)
  4 hounds
  3 jellies
  A centaur skeleton (D:6)
  3 orc priests
  A gnoll bouda (D:5)
  3 sleepcaps
  An iguana (D:5)
  5 orc wizards
  Natasha (D:3)
  3 killer bee zombies (D:6)
  A howler monkey zombie (D:6)
  A howler monkey skeleton (D:6)
  7 adders
  14 gnolls
  2 white imps
  4 dart slugs
  29 orcs
  10 ball pythons
  6 bats
  4 endoplasms
  13 goblins
  12 hobgoblins
  6 jackals
  11 kobolds
  6 quokkas
  3 frilled lizards
  7 rats
251 creatures vanquished.

Vanquished Creatures (collateral kills)
  An orc knight (Bailey)
  An orange demon (Lair:1)
  4 yaks
  A steam dragon (D:8)
  An acid dragon (D:10)
  9 orc warriors
  A sky beast (D:8)
  3 centaurs
  2 kobold brigands
  3 bullfrogs
  A wight (D:8)
  2 howler monkeys
  3 orc priests
  A jelly (D:8)
  An orc wizard (D:8)
  2 gnolls (Bailey)
  9 orcs
  7 hobgoblins (Bailey)
  6 goblins
  A kobold (D:8)
59 creatures vanquished.

Vanquished Creatures (others)
  6 battlemagi
  An orc (D:9)
7 creatures vanquished.

Grand Total: 317 creatures vanquished

Notes
Turn   | Place    | Note
-------+----------+-------------------------------------------
     0 | D:1      | Pooter the Minotaur Fighter began the quest for the Orb.
     0 | D:1      | Reached XP level 1. HP: 19/19 MP: 0/0
    87 | D:1      | Reached skill level 1 in Ranged Weapons
    87 | D:1      | Reached XP level 2. HP: 25/27 MP: 1/1
   147 | D:1      | Reached skill level 3 in Axes
   251 | D:1      | Found a faded altar of an unknown god.
   479 | D:1      | Reached XP level 3. HP: 33/33 MP: 2/2
   693 | D:2      | You fall into a shaft and drop 2 floors!
   720 | D:4      | Noticed a scorpion
   725 | D:4      | Killed a scorpion
   726 | D:4      | Reached skill level 4 in Axes
   726 | D:4      | Reached XP level 4. HP: 41/41 MP: 3/3
  1145 | D:3      | Reached XP level 5. HP: 45/47 MP: 4/4
  1678 | D:2      | Reached skill level 5 in Axes
  1855 | D:2      | Reached XP level 6. HP: 54/55 MP: 5/5
  1910 | D:2      | Noticed Sigmund
  1929 | D:2      | Killed Sigmund
  1930 | D:2      | Reached skill level 5 in Fighting
  2627 | D:3      | Noticed Natasha
  2631 | D:3      | Killed Natasha
  2632 | D:3      | Reached skill level 6 in Axes
  3360 | D:5      | Entered Level 5 of the Dungeon
  3378 | D:5      | Reached skill level 5 in Ranged Weapons
  3378 | D:5      | Reached XP level 7. HP: 59/61 MP: 6/6
  3625 | D:5      | Reached skill level 7 in Axes
  3637 | D:5      | HP: 3/63 [poisoned by a scorpion]
  3920 | D:5      | Reached XP level 8. HP: 70/70 MP: 7/7
  4185 | D:5      | Identified the +2 robe of Bonahor {rC+}
  4396 | D:5      | Reached skill level 8 in Axes
  4812 | D:6      | Reached skill level 9 in Axes
  4829 | D:6      | Reached XP level 9. HP: 73/79 MP: 8/8
  5130 | D:6      | Found a staircase to the Ecumenical Temple.
  5148 | D:6      | Reached skill level 10 in Axes
  5195 | Temple   | Entered the Ecumenical Temple
  5209 | Temple   | Became a worshipper of Hepliaklqana the Forgotten
  5977 | D:7      | Reached skill level 11 in Axes
  6054 | D:7      | Reached * piety under Hepliaklqana
  6346 | D:7      | Reached skill level 10 in Ranged Weapons
  6626 | D:8      | Reached XP level 10. HP: 79/81 MP: 9/9
  6900 | D:8      | Found an ornate altar of the Wu Jian Council.
  6978 | D:8      | Noticed Maggie
  6983 | D:8      | Maggie changed into Maggie the naga
  6983 | D:8      | Noticed Maggie
  6989 | D:8      | Killed Maggie the naga
  7114 | D:8      | Reached ** piety under Hepliaklqana
  7115 | D:8      | Remembered your ancestor Thoko as a battlemage
  7560 | D:9      | Found a shadowy altar of Dithmenos.
  7560 | D:9      | Found a shimmering altar of Xom.
  7565 | D:9      | Found a sparkling altar of Nemelex Xobeh.
  7567 | D:9      | Found a glowing golden altar of the Shining One.
  7570 | D:9      | Reached skill level 12 in Axes
  7570 | D:9      | Reached skill level 1 in Invocations
  7578 | D:9      | Found a white marble altar of Elyvilon.
  7579 | D:9      | Found a stormy altar of Qazlal.
  7580 | D:9      | Found a radiant altar of Vehumet.
  7615 | D:9      | Found a blossoming altar of Fedhas.
  7618 | D:9      | Found a hide-covered altar of Uskayaw.
  8175 | D:9      | Found Uciq's Distillery.
  8200 | D:9      | Bought a potion of haste for 110 gold pieces
  8200 | D:9      | Bought a potion of curing for 33 gold pieces
  8200 | D:9      | Bought a potion of mutation for 88 gold pieces
  8200 | D:9      | Bought a potion of curing for 33 gold pieces
  8200 | D:9      | Bought a potion of curing for 33 gold pieces
  8200 | D:9      | Bought a potion of might for 44 gold pieces
  8306 | D:10     | Entered Level 10 of the Dungeon
  8320 | D:10     | Noticed a two-headed ogre
  8327 | D:10     | Killed a two-headed ogre
  8453 | D:10     | Found a staircase to the Lair.
  8459 | D:10     | Reached XP level 11. HP: 80/89 MP: 10/12
  8521 | D:9      | Reached skill level 13 in Axes
  9039 | D:10     | Found a flagged portal.
  9046 | Bailey   | Entered a bailey
  9691 | Bailey   | Noticed an orc knight
  9702 | Bailey   | Killed an orc knight
  9703 | Bailey   | Reached skill level 10 in Fighting
  9782 | Bailey   | Noticed an orc knight
  9799 | Bailey   | Killed an orc knight
 10443 | Bailey   | Noticed an orc warlord
 10462 | Bailey   | Killed an orc warlord
 11244 | Bailey   | Acquired a +0 arbalest of draining
 12078 | D:10     | Reached skill level 14 in Axes
 12159 | D:10     | Identified the +0 leather armour "Dobbooch" {Str+8 Int-3
                  | Dex+3}
 12223 | D:10     | Reached *** piety under Hepliaklqana
 13030 | Lair:1   | Entered Level 1 of the Lair of Beasts
 13030 | Lair:1   | Noticed Amaemon
 13030 | Lair:1   | Noticed Grum
 13046 | D:10     | Succumbed to Amaemon's poison

Illustrated notes

Levels and vault maps discovered:
D:1:      spicycebolla_arrival_transporter_tutorial, layout_rooms,
          hellmonk_ecumenical_altar_heavens_door, serial_bayou_lagoon_b
D:2:      layout_basic, serial_glass, glass_columns_a, glass_columns_c,
          skrybe_limestone_x, kennysheep_path_1, minmay_misc_feat_cross,
          uniq_sigmund
D:3:      layout_basic, uniq_natasha
D:4:      layout_basic
D:5:      layout_basic, minmay_increasing_density
D:6:      layout_cave_pools, minmay_temple_entry_mist, serial_undead,
          serial_undead_f, serial_undead_d, serial_undead_a, serial_undead_f,
          serial_undead_f, serial_undead_a, serial_undead_e, serial_undead_b
D:7:      cheibrodos_steamvent, layout_loops_corners
D:8:      layout_cave_pools, nzn_wu_jian_contemplation, uniq_maggie
D:9:      layout_basic, nicolae_overflow_hallway_of_the_gods, serial_shops,
          nicolae_shop_hallway_stairs
D:10:     layout_layer_cave, due_lair_maze_entry_diamond, enter_bailey_3,
          minmay_fractal_squares_5
Temple:   chequers_temple_sunken
Lair:1:   layout_regular_city, grunt_megastairs_5, uniq_amaemon, uniq_grum

Skill      XL: |  1  2  3  4  5  6  7  8  9 10 11 |
---------------+----------------------------------+-----
Ranged Weapons | 1 2 3 4 5 6 8 10 11 12 | 12.8
Axes           | 3 4 5 6 7 9 11 12 14 | 14.1
Fighting       | 4 5 6 7 8 9 10 | 10.6
Invocations    | 2 4 |  4.6
Armour         | |  3.6
Shields        | |  3.6

Action                     |  1- 3 |  4- 6 |  7- 9 | 10-12 || total
---------------------------+-------+-------+-------+-------++-------
  Melee: War axe           |    47 |   135 |   201 |    35 ||   418
         Headbutt          |     4 |    28 |    28 |    27 ||    87
         Battleaxe         |       |       |       |   117 ||   117
   Fire: Shortbow          |       |       |    48 |   104 ||   152
         Arbalest          |       |       |       |    31 ||    31
  Throw: Stone             |     2 |       |       |       ||     2
         Boomerang         |       |       |     6 |     7 ||    13
         Dart              |       |       |     8 |     7 ||    15
 Invoke: Ancestor Identity |       |       |     1 |       ||     1
         Ancestor Life: Ba |       |       |       |     1 ||     1
         Recall Ancestor   |       |       |       |     1 ||     1
  Evoke: Wand              |       |       |     4 |    13 ||    17
    Use: Potion            |     1 |       |     3 |     3 ||     7
         Scroll            |       |     5 |     8 |     8 ||    21
   Stab: Distracted        |       |       |       |     2 ||     2
 Armour: Scale mail        |    14 |    10 |       |       ||    24
         Chain mail        |       |    48 |   142 |    28 ||   218
         Plate armour      |       |       |       |   122 ||   122
  Dodge: Dodged            |    25 |    45 |    92 |    77 ||   239
  Block: Buckler           |     7 |    26 |    32 |       ||    65
